 Dungeon Crawl Stone Soup version 0.25.0-15-gac7dcb8919 (webtiles) character file.

Game seed: 4201265746300138958

32 MaCx the Firebug (level 3, 0/26 HPs)
             Began as a Draconian Fire Elementalist on June 28, 2020.
             Slain by a jackal (2 damage)
             ... on level 1 of the Dungeon.
             The game lasted 00:04:54 (2669 turns).

MaCx the Firebug (Draconian Fire Elementalist)      Turns: 2669, Time: 00:04:55

Health: 0/26       AC:  5    Str: 10    XL:     3   Next: 10%
Magic:  7/7        EV: 12    Int: 16    God:
Gold:   81         SH:  0    Dex: 11    Spells: 6/7 levels left

rFire    . . .     SeeInvis .   a - +0 club
rCold    . . .     Gourm    .   (no shield)
rNeg     . . .     Faith    .   (armour unavailable)
rPois    .         Spirit   .   (helmet restricted)
rElec    .         Reflect  .   (no cloak)
rCorr    .         Harm     .   (no gloves)
MR       .....                  (no boots)
Stlth    ++........             (no amulet)
HPRegen  0.08/turn              (no ring)
MPRegen  0.10/turn              (no ring)

@: no status effects
A: unfitting armour, cold-blooded, AC +5
a: no special abilities


You were on level 1 of the Dungeon.
You were near starving.

You visited 1 branch of the dungeon, and saw 2 of its levels.

You collected 81 gold pieces.

Inventory:

Hand Weapons
 a - a +0 club (weapon)
Missiles
 k - 47 stones (quivered)
 m - 16 poisoned darts
Jewellery
 i - an uncursed ring of positive energy {unknown}
Scrolls
 d - a scroll of magic mapping {unknown}
 e - a scroll of remove curse {unknown}
 f - a scroll of identify {unknown}
 g - 2 scrolls of fog {unknown}
 h - a scroll of enchant weapon {unknown}
 l - 2 scrolls of immolation {unknown}
Potions
 c - a potion of lignification {unknown}
 j - 2 potions of might {unknown}
 o - a potion of resistance {unknown}
Comestibles
 b - 5 rations


   Skills:
 - Level 1.7 Dodging
 - Level 1.7 Stealth
 + Level 2.7 Spellcasting
 + Level 2.2 Conjurations
 - Level 3.0 Fire Magic


You had 6 spell levels left.
You knew the following spells:

 Your Spells              Type           Power        Failure   Level  Hunger
a - Foxfire               Conj/Fire      ##..         7%          1    #......

Your spell library contained the following spells:

 Spells                   Type           Power        Failure   Level  Hunger
 Conjure Flame            Conj/Fire      ##......     21%         3    ###....
 Inner Flame              Hex/Fire       #.......     30%         3    ###....
 Sticky Flame             Conj/Fire      ##......     54%         4    #####..
 Fireball                 Conj/Fire      ##........   88%         5    ######.


Dungeon Overview and Level Annotations

Branches:
Dungeon (2/15)

Altars:


Innate Abilities, Weirdness & Mutations

Your plain brown scales are hard. (AC +5)
You cannot fit into any form of body armour.
You are cold-blooded and may be slowed by cold attacks.


Message History

The jackal is moderately wounded.
The jackal closely misses you. The jackal bites you.
* * * LOW HITPOINT WARNING * * *
You closely miss the jackal.
The jackal is moderately wounded.
The jackal bites you but does no damage.
The jackal barely misses you. The jackal barely misses you.
The jackal misses you. The jackal barely misses you.
The jackal barely misses you. The jackal barely misses you.
The jackal misses you. The worm closely misses you. The jackal misses you.
There is a stone staircase leading down here.
The jackal bites you.
* * * LOW HITPOINT WARNING * * *
The jackal barely misses you. The jackal bites you.
You die...

#...##PP♣♣P...# #.#
.....#..♣..#.>#### #.#
..........##.....# #.#
......♣P..#...##.# #.#
....P.♣♣♣P.....#.###.#
.....♣♣P..#..........#
....P.P..###.###.#####
......P.## ### #h#
#...##### ##@# ##'##
#..# #.############.##
#.##........##.#
##.##.######.##.#
...)......##.##.#
......###.##.##.#
#...#.# #....÷..#
##.##.# ####.####


You could see a jackal.

Vanquished Creatures
  3 dart slugs
  A leopard gecko (D:2)
  A giant cockroach (D:1)
  3 hobgoblins (D:1)
  4 bats
  3 frilled lizards
  2 goblins
  3 kobolds (D:2)
  8 rats
28 creatures vanquished.

Notes
Turn   | Place    | Note
-------+----------+-------------------------------------------
     0 | D:1      | MaCx the Draconian Fire Elementalist began the quest for
                  | the Orb.
     0 | D:1      | Reached XP level 1. HP: 14/14 MP: 3/3
   420 | D:1      | Reached XP level 2. HP: 15/20 MP: 5/5
  1637 | D:2      | Reached XP level 3. HP: 14/26 MP: 7/7
  2669 | D:1      | Slain by a jackal

Illustrated notes

Levels and vault maps discovered:
D:1:      onia_arrival_pentagram, layout_loops_corners, serial_forest,
          infiniplex_forest_lined_corner, infiniplex_forest_corner_1,
          infiniplex_forest_clump_double, infiniplex_forest_clump_double,
          infiniplex_forest_zigzag_1
D:2:      layout_loops_cross

Skill      XL: |  1  2 |
---------------+-------+-----
Conjurations   | 2 |  2.2
Dodging        | |  1.7
Stealth        | |  1.7
Spellcasting   | |  2.7
Fire Magic     | |  3.0

Action                   || total
-------------------------++-------
Melee: Unarmed           ||    87
       Tailslap          ||    10
       Club              ||    78
Throw: Stone             ||    64
 Stab: Sleeping          ||     3
  Eat: Chunk             ||     4
Armor: Skin              ||    49
Dodge: Dodged            ||   130
